 Dungeon Crawl Stone Soup version 0.31-a0-154-g56bf346678 (webtiles) character file.

Game seed: 4824433536693288138

6242 jasper the Summoner (level 10, -4/53 HPs)
             Began as a Spriggan Summoner on June 11, 2023.
             Was an Initiate of Ashenzari.
             Slain by a yak (12 damage)
             ... on level 9 of the Dungeon.
             The game lasted 00:17:41 (8287 turns).

jasper the Summoner (Spriggan Summoner)             Turns: 8287, Time: 00:17:42

Health: -4/53      AC:  2    Str:  4    XL:     10   Next: 62%
Magic:  16/16      EV: 31    Int: 25    God:    Ashenzari [......]
Gold:   510        SH:  6    Dex: 16    Spells: 5/15 levels left

rFire   + . .        E - +2 quick blade (venom)
rCold   . . .        y - +1 buckler
rNeg    . . .        a - +0 robe of the Eternal Sun {Bglg, Self} (curse)
rPois   .            (helmet restricted)
rElec   .            e - scarf of Faoris {repulsion, rF+ Int+4}
rCorr   .            (gloves unavailable)
SInv    +            (boots unavailable)
Will    +....        (no amulet)
Stlth   ++           F - +5 ring of evasion
HPRegen 0.28/turn    A - +5 ring of evasion
MPRegen 0.15/turn

%: repel missiles
@: very quick
A: very small, no large weapons, unfitting armour, see invisible, speed 3
a: Renounce Religion, Shatter the Chains


You were on level 9 of the Dungeon.
You worshipped Ashenzari.
Ashenzari was noncommittal.
You visited 2 branches of the dungeon, and saw 10 of its levels.
You also visited: Sewer.

You collected 510 gold pieces.

Inventory:

Hand Weapons
 c - a +0 club
 f - a +1 arbalest
 g - a +2 dagger of holy wrath
 k - a +2 flail of protection
 E - a +2 quick blade of venom (weapon)
Missiles
 n - 3 throwing nets
Armour
 a - the cursed +0 robe of the Eternal Sun (worn) {Bglg, Self}

   It has a curse which improves the following skills: Beguiling: Conjurations,
   Hexes and Translocations.
   Introspection: Fighting and Spellcasting.
 e - the scarf of Faoris (worn) {repulsion, rF+ Int+4}
   (You acquired it on level 2 of the Dungeon)

   Int:       It affects your intelligence (+4).
   rF:        It protects you from fire.
 h - a +0 robe of willpower
 v - a +0 troll leather armour {Pargi}
 y - a +1 buckler (worn)
Magical Staves
 q - a staff of death
Jewellery
 o - a +6 ring of strength
 s - an amulet of guardian spirit
 A - a +5 ring of evasion (right hand)
 D - a ring of ice
 F - a +5 ring of evasion (left hand)
Wands
 w - a wand of flame (61)
 B - a wand of charming (16)
 C - a wand of polymorph (7)
Scrolls
 x - a scroll of butterflies
Potions
 b - a potion of magic
 d - a potion of mutation
 i - a potion of attraction
 j - 2 potions of berserk rage
 l - 7 potions of enlightenment
 m - 8 potions of brilliance
 p - a potion of haste
 r - 3 potions of might {unknown}
 t - a potion of ambrosia
 u - a potion of curing {unknown}
 z - a potion of resistance {unknown}


   Skills:
 - Level 5.5(5.9) Fighting
 - Level 9.2 Dodging
 - Level 3.0 Stealth
 + Level 5.0 Shields
 - Level 3.0(3.3) Spellcasting
 - Level 9.8 Summonings
 - Level 2.0 Air Magic


You had 5 spell levels left.
You knew the following spells:

 Your Spells              Type           Power      Damage    Failure   Level
a - Summon Small Mammal   Summ           100%       N/A       1%          1
b - Call Imp              Summ           100%       N/A       1%          2
c - Call Canine Familiar  Summ           52%        N/A       1%          3
d - Summon Lightning Spi  Summ/Air       33%        N/A       16%         4

Your spell library contained the following spells:

 Spells                   Type           Power      Damage    Failure   Level
 Summon Guardian Golem    Hex/Summ       28%        N/A       7%          3
 Beastly Appendage        Tmut           8%         N/A       17%         1
 Freeze                   Ice            16%        1d4       17%         1
 Magic Dart               Conj           16%        1d3       17%         1
 Sandblast                Erth           8%         2d5       17%         1
 Lesser Beckoning         Tloc           8%         N/A       26%         2
 Passwall                 Tmut/Erth      3%         N/A       26%         2
 Wereblood                Tmut           4%         N/A       26%         2
 Dazzling Flash           Conj/Hex       8%         N/A       45%         3
 Gell's Gravitas          Tloc           4%         N/A       45%         3
 Inner Flame              Hex/Fire       4%         N/A       45%         3
 Spider Form              Tmut/Pois      4%         N/A       45%         3
 Stone Arrow              Conj/Erth      8%         3d7       45%         3
 Teleport Other           Tloc           4%         N/A       45%         3
 Volatile Blastmotes      Fire/Tloc      8%         2d10      45%         3
 Summon Forest            Summ/Tloc      14%        N/A       54%         5
 Summon Mana Viper        Hex/Summ       28%        N/A       54%         5
 Iskenderun's Mystic Bla  Conj/Tloc      4%         2d3       86%         4
 Yara's Violent Unravell  Hex/Tmut       2%         3d3       99%         5
 Summon Cactus Giant      Summ           26%        N/A       43%         6
 Conjure Ball Lightning   Conj/Air       4%         3x3d6     100%        6
 Starburst                Conj/Fire      2%         6d3       100%        6
 Enfeeble                 Hex            2%         N/A       100%        7
 Discord                  Hex            2%         N/A       100%        8
 Disjunction              Tloc           2%         N/A       100%        8


Dungeon Overview and Level Annotations

Branches:
Dungeon (9/15)             Temple (1/1) D:4           Sewer (visited)
   Lair: D:8-11         Orc: D:9-12

Altars:
Ashenzari
Cheibriados
Dithmenos
Elyvilon
Gozag
Hepliaklqana
Kikubaaqudgha
Makhleb
Nemelex Xobeh
Qazlal
Ru
Sif Muna
Trog
Uskayaw
Vehumet
Xom
Yredelemnul
Zin
The Shining One

Annotations:
D:3 2 transporters


Innate Abilities, Weirdness & Mutations

You are very small and have problems with some larger weapons.
You are too small for most types of armour.
You have supernaturally acute eyesight. (SInv)
You cover ground extremely quickly. (Speed+++)


Message History

You hit the yak but do no damage.
The yak looks as sick as possible!
You hit the yak but do no damage.
The yak looks as sick as possible!
The yak is lightly wounded.
The yak completely misses you.
You completely miss the yak. You hit the yak.
The yak looks as sick as possible!
The yak is moderately wounded.
You block the yak's attack. The yak completely misses you.
You hit the yak but do no damage. You hit the yak.
The yak looks as sick as possible!
The yak is moderately wounded.
The yak gores you.
The yak snorts and paws the ground.
You take 3 damage, and have 31/53 hp.
You barely miss the yak. You hit the yak.
The yak looks as sick as possible!
The yak is heavily wounded.
The yak closely misses you.
You hit the yak.
The yak looks as sick as possible!
You hit the yak.
The yak looks as sick as possible!
The yak is severely wounded.
You block the yak's attack.
You hit the yak.
The yak looks as sick as possible!
You hit the yak but do no damage.
The yak looks as sick as possible!
The yak is severely wounded.
The yak completely misses you. The yak gores you!
You take 15 damage, and have 16/53 hp.
MASSIVE DAMAGE!!
You hit the yak but do no damage.
The yak looks as sick as possible!
You hit the yak.
The yak looks as sick as possible!
The yak is almost dead.
You kill the yak!
Your Shields skill increases to level 5!
You hit the yak but do no damage.
The yak is poisoned.
You hit the yak but do no damage.
The yak looks as sick as possible!
The yak closely misses you.
You hit the yak.
The yak looks as sick as possible!
You barely miss the yak.
The yak is lightly wounded.
The yak gores you!
* * * LOW HITPOINT WARNING * * *
The yak gores you!
You die...

#.## # # #.#
##.# ## ###
##.## #.###..
##.## ##.....
#..# #......
##h# ....Y..
#.## ...≈≈..
##@#
.......######Y##
#.....Yp.##†.##
......p##.†###
######. #.## ##
##. #. #. ##


You could see a yak (extremely poisoned).

Vanquished Creatures
  Harold (D:9)
  A two-headed ogre (D:8)
  Pikel (D:4)
  A wyvern (D:7)
  5 yaks (D:9)
  A human (D:9)
  Edmund (D:4)
  A sky beast (D:8)
  An orc warrior (D:7)
  Duvessa (D:6)
  2 black bears (D:6)
  Pargi (Sewer)
  2 ogres
  A centaur (D:7)
  A phantom (D:5)
  A bullfrog (D:6)
  A scorpion (D:4)
  Dowan (D:6)
  3 howler monkeys (D:7)
  2 hounds
  5 orc priests
  A jelly (D:6)
  A sleepcap (D:7)
  5 orc wizards
  7 gnolls
  6 adders
  A shadow imp (D:6)
  3 white imps
  An ufetubus (D:6)
  2 worms
  A dart slug (D:2)
  14 orcs
  7 bats
  5 endoplasms
  3 giant cockroaches
  13 goblins
  6 hobgoblins
  3 quokkas
  10 ball pythons
  3 frilled lizards
  5 kobolds
  6 rats
137 creatures vanquished.

Vanquished Creatures (collateral kills)
  Grinder (D:5)
  2 humans (D:9)
  An acid dragon (D:8)
  A sky beast (D:8)
  3 black bears
  An orc warrior (D:7)
  A phantom (D:5)
  A scorpion (D:4)
  A killer bee (D:7)
  A howler monkey (D:8)
  A jelly (D:8)
  A gnoll bouda (D:9)
  An orc priest (D:8)
  An iguana (D:5)
  6 orc wizards
  6 gnolls
  3 adders
  11 orcs
  An endoplasm (D:4)
  2 goblins (D:1)
  2 quokkas
  A ball python (D:3)
  A bat (Sewer)
  A frilled lizard (D:1)
  2 kobolds (D:4)
53 creatures vanquished.

Grand Total: 190 creatures vanquished

Notes
Turn   | Place    | Note
-------+----------+-------------------------------------------
     0 | D:1      | jasper the Spriggan Summoner began the quest for the Orb.
     0 | D:1      | Reached XP level 1. HP: 9/9 MP: 5/5
    13 | D:1      | Found a faded altar of an unknown god.
    23 | D:1      | Got Plato's Textbook on the Glacier
   169 | D:1      | Reached XP level 2. HP: 13/13 MP: 4/7
   254 | D:1      | Learned a level 2 spell: Call Imp
   685 | D:1      | Reached XP level 3. HP: 1/16 MP: 5/8
   689 | D:1      | Learned a level 3 spell: Call Canine Familiar
  1804 | D:2      | Identified a scroll of acquirement
  1804 | D:2      | Acquired the scarf of Faoris {repulsion, rF+ Int+4}
  2002 | D:3      | Reached XP level 4. HP: 21/21 MP: 9/9
  2253 | D:3      | Noticed an ogre
  2259 | D:3      | Killed an ogre
  2260 | D:3      | Reached skill level 5 in Summonings
  2260 | D:3      | Reached XP level 5. HP: 24/24 MP: 10/10
  2265 | D:3      | Learned a level 4 spell: Summon Lightning Spire
  2342 | D:3      | Found a transporter.
  2342 | D:3      | Found a transporter.
  2801 | D:3      | Found a shadowy altar of Dithmenos.
  2801 | D:3      | Found a basalt altar of Yredelemnul.
  3104 | D:4      | Reached skill level 1 in Fighting
  3104 | D:4      | Reached XP level 6. HP: 30/30 MP: 11/11
  3106 | D:4      | Found a staircase to the Ecumenical Temple.
  3119 | Temple   | Entered the Ecumenical Temple
  3136 | Temple   | Became a worshipper of Ashenzari the Shackled
  3219 | D:4      | Noticed Edmund
  3288 | D:4      | Killed Edmund
  3516 | D:4      | Reached XP level 7. HP: 33/35 MP: 9/12
  3944 | D:4      | Noticed Pikel
  4000 | D:4      | Killed Pikel
  4001 | D:4      | Reached XP level 8. HP: 40/40 MP: 2/13
  4304 | D:5      | Entered Level 5 of the Dungeon
  4380 | D:5      | Found an opulent altar of Gozag.
  4653 | D:5      | Reached skill level 1 in Air Magic
  5027 | D:5      | Noticed Grinder
  5065 | D:5      | Killed Grinder
  5235 | D:6      | Found a glowing drain.
  5239 | Sewer    | Entered a sewer
  5291 | Sewer    | Noticed Pargi
  5309 | Sewer    | Killed Pargi
  5496 | D:6      | Noticed Dowan
  5497 | D:6      | Noticed Duvessa
  5516 | D:6      | HP: 2/42 [Dowan/puff of flame (4)]
  5575 | D:6      | Killed Dowan
  5637 | D:6      | Killed Duvessa
  5638 | D:6      | Reached XP level 9. HP: 32/45 MP: 2/14
  6977 | D:7      | Found a shimmering blue altar of Sif Muna.
  6978 | D:7      | Found an ancient bone altar of Kikubaaqudgha.
  6979 | D:7      | Found a radiant altar of Vehumet.
  6984 | D:7      | Got Vehumet's Discourse on Bruises
  7236 | D:8      | Reached skill level 5 in Fighting
  7438 | D:8      | Noticed a two-headed ogre
  7663 | D:8      | Acquired a +2 quick blade of venom
  7906 | D:8      | Killed a two-headed ogre
  7907 | D:8      | Reached XP level 10. HP: 53/53 MP: 8/16
  8151 | D:9      | Noticed Harold
  8160 | D:9      | Killed Harold
  8286 | D:9      | Reached skill level 5 in Shields
  8287 | D:9      | Slain by a yak

Illustrated notes

Levels and vault maps discovered:
D:1:      onia_arrival_pyramid, layout_loops_cross,
          shapermc_ecumenical_altar_rom_forum, kennysheep_flooded_box,
          st_stairs_3, hex_tiny, minmay_strange_pillars,
          minmay_tree_intersection, nicolae_kite_square_tiling_tiny,
          minmay_parallelograms
D:2:      layout_loops_cross, minmay_misc_feat_five, grunt_ministairs_6,
          mrwooster_statue_mirror, hangedman_decor_lopped
D:3:      gammafunk_wand_slinger, layout_basic, gammafunk_temple_overflow_wave
D:4:      layout_loops_ring, temple_hall, st_stairs_12,
          minmay_misc_feat_ornament, minmay_bisected, uniq_edmund, uniq_pikel
D:5:      layout_basic, nicolae_gozag_seed_capital,
          hangedman_decor_diamond_cutter, uniq_grinder
D:6:      layout_loops_cross, gup_sewer_entry_bowl, uniq_duvessa
D:7:      layout_loops_ring, grunt_temple_overflow_magic_moments
D:8:      minmay_evil_eye, layout_cave_pools
D:9:      erik_cavepeople, layout_basic, fedhas_bush_and_centaur_altar,
          dreamdust_princess_corridor, uniq_harold
Temple:   nicolae_temple_ecumenical_triangle

Skill      XL: |  1  2  3  4  5  6  7  8  9 10 |
---------------+-------------------------------+-----
Spellcasting   | 3 |  3.0
Summonings     | 4 5 6 7 8 9 |  9.8
Dodging        | 3 4 6 7 9 |  9.2
Fighting       | 1 2 3 4 5 |  5.5
Air Magic      | 2 |  2.0
Shields        | 5 |  5.0
Stealth        | |  3.0

Action                     |  1- 3 |  4- 6 |  7- 9 | 10-12 || total
---------------------------+-------+-------+-------+-------++-------
  Melee: Unarmed           |    19 |       |       |       ||    19
         Club              |    20 |       |       |       ||    20
         Quick blade       |       |       |       |   118 ||   118
   Fire: Arbalest          |    66 |    69 |   223 |       ||   358
   Cast: Summon Small Mamm |     9 |       |       |       ||     9
         Call Imp          |     5 |     5 |     9 |     1 ||    20
         Call Canine Famil |     1 |     9 |    38 |     3 ||    51
 Invoke: Curse Item        |       |       |     1 |       ||     1
  Evoke: Wand              |       |       |     2 |     2 ||     4
    Use: Scroll            |     7 |     2 |     8 |       ||    17
   Stab: Distracted        |       |       |       |     2 ||     2
 Armour: Robe              |     4 |     3 |     8 |       ||    15
  Dodge: Dodged            |    66 |    27 |   153 |    55 ||   301
         Repelled          |       |       |     3 |       ||     3
  Block: Buckler           |       |       |       |    12 ||    12

Table legend: (Time is in decaauts)
 A = Elapsed time spent in this place.
 B = Non-inter-level travel time spent in this place.
 C = Inter-level travel time spent in this place.
 D = Time resting spent in this place.
 E = Time spent auto-exploring this place.
 F = Levels seen in this place.
 G = Mean time per level.
                   A        B        C        D        E       F      G
               +--------+--------+--------+--------+--------+-----+--------+
         Total |   6428 |   6239 |    189 |    450 |   4217 |  11 |  584.4 |
       Dungeon |   6268 |   6087 |    181 |    450 |   4147 |   9 |  696.4 |
        Temple |     19 |     12 |      7 |      0 |      0 |   1 |   19.0 |
         Sewer |    140 |    140 |      0 |      0 |     70 |   1 |  140.0 |
               +--------+--------+--------+--------+--------+-----+--------+

Top non-repeatable levels by time:
     D:4: 973 daAuts
     D:1: 860 daAuts
     D:7: 836 daAuts
     D:3: 830 daAuts
     D:8: 799 daAuts
     D:6: 641 daAuts
     D:5: 622 daAuts
     D:2: 567 daAuts
   Sewer: 140 daAuts
     D:9: 138 daAuts
  Temple: 19 daAuts
